 Dungeon Crawl Stone Soup version 0.29.1-15-g9cfb28693d (webtiles) character file.

Game seed: 9606326530727420070

598 Silvore the Chopper (level 7, -1/53 HPs)
             Began as a Demonspawn Monk on Apr 30, 2023.
             Slain by a hound (4 damage)
             ... on level 5 of the Dungeon.
             The game lasted 00:08:06 (4890 turns).

Silvore the Chopper (Demonspawn Monk)               Turns: 4890, Time: 00:08:06

Health: -1/53      AC:  8    Str:  9    XL:     7   Next: 17%
Magic:  7/7        EV: 12    Int: 11    God:
Gold:   220        SH:  4    Dex: 18    Spells: 6/6 levels left

rFire   . . .      SeeInvis .   a - +1 hand axe (protect)
rCold   . . .      Faith    .   (no shield)
rNeg    . . .      Spirit   .   l - +0 ring mail
rPois   .          Reflect  .   (no helmet)
rElec   .          Harm     .   j - +0 cloak
rCorr   .          Rampage  .   g - +1 pair of gloves
Will    .....                   (no boots)
Stlth   ++........              (no amulet)
HPRegen 0.17/turn               (no ring)
MPRegen 0.10/turn               (no ring)

@: no status effects
A: large bone plates 1, powered by death 1, weakness stinger 2, sense
surroundings 1, weak 1
a: no special abilities


You were on level 5 of the Dungeon.
You visited 1 branch of the dungeon, and saw 5 of its levels.

You collected 220 gold pieces.

Inventory:

Hand Weapons
 a - a +1 hand axe of protection (weapon)
Armour
 b - a +0 robe
 g - a +1 pair of gloves (worn)
 j - a +0 cloak (worn)
 l - a +0 ring mail (worn)
Potions
 f - a potion of flight
 k - a potion of brilliance


   Skills:
 + Level 3.9 Fighting
 + Level 4.9 Axes
 + Level 2.8 Armour
 + Level 4.0 Dodging
 + Level 2.8 Stealth
 + Level 1.5 Shields


You had 6 spell levels left.
You didn't know any spells.
Your spell library contained the following spells:

 Spells                   Type           Power      Damage    Failure   Level
 Summon Small Mammal      Summ           0%         N/A       67%         1
 Ensorcelled Hibernation  Hex/Ice        0%         N/A       82%         2
 Passwall                 Tmut/Erth      0%         N/A       82%         2
 Call Canine Familiar     Summ           0%         N/A       96%         3
 Summon Guardian Golem    Hex/Summ       0%         N/A       96%         3
 Swiftness                Air            0%         N/A       96%         3


Dungeon Overview and Level Annotations

Branches:
Dungeon (5/15)
 Temple: D:4-7

Altars:
Cheibriados
Nemelex Xobeh
Yredelemnul

Shops:
D:3 [

Annotations:
D:5 Edmund


Innate Abilities, Weirdness & Mutations

You are partially covered in large bone plates. (SH +4)
You regenerate a little health from kills.
You have a tail ending in a sharp stinger.
You passively map a small area around you.
You are weak. (Str -2)


Message History

The gnoll shouts!
Found a wand of quicksilver (11).
The jackal barely misses you. The jackal attacks as you move away!
The jackal misses you.
The hound pauses to sniff the ground.
It was a potion of cancellation.
Your magical effects are unravelling.
You feel magically purged.
Your attacks no longer feel as feeble.
It was a potion of magic.
Magic courses through your body.
It was a potion of mutation.
You feel extremely strange.
You feel a strange attunement to the structure of the dungeons.
You feel weaker. You block the hound's attack. The hound misses you.
A gnoll comes into view. It is wielding a +0 flail.
The gnoll shouts!
You hear a shout!
A gnoll comes into view. It is wielding a +0 halberd.
The gnoll closely misses you. You block the hound's attack.
The gnoll moves out of view.
You hit the gnoll.
Your weapon exudes an aura of protection.
The gnoll is moderately wounded.
You closely miss the hound. You hit the jackal.
The jackal completely misses you. The hound bites you but does no damage.
A gnoll comes into view. It is wielding a +0 flail.
The gnoll hits you but does no damage. The gnoll misses you.
The hound bites you but does no damage.
An adder comes into view.
The gnoll hits you from afar with a +0 halberd.
* * * LOW HITPOINT WARNING * * *
The adder hisses angrily.
You block the gnoll's attack. The hound bites you but does no damage.
The hound bites you but does no damage. The hound attacks as you move away!
The hound misses you. The jackal closely misses you. The hound misses you.
Found a stone staircase leading down.
You block the jackal's attack.
The gnoll hits you from afar with a +0 halberd.
* * * LOW HITPOINT WARNING * * *
The hound bites you.
You die...

* *### * , ######..## *
##### #.##.....#* #.....
##.##...## ,
.......##....h@..#.. , ,
.........##.hghS.......
............gg#.......> *
..........gg.g........
#.......gg............ .
*##...#..h##....#....# ,*
..##.....g.............#*
*
..#..../..#####.........
.....#...## #...#.


You could see 2 hounds, 9 gnolls, an adder and 2 jackals.

Vanquished Creatures
  A black bear (D:4)
  2 phantoms (D:4)
  A kobold brigand (D:4)
  A howler monkey (D:4)
  A gnoll bouda (D:5)
  2 hounds (D:4)
  An iguana (D:4)
  3 gnolls (D:4)
  4 adders
  A worm (D:2)
  A dart slug (D:4)
  3 orcs (D:4)
  4 endoplasms
  5 giant cockroaches (D:2)
  9 goblins
  6 hobgoblins
  4 jackals (D:2)
  2 quokkas
  4 ball pythons
  4 bats
  3 frilled lizards (D:1)
  5 rats
67 creatures vanquished.

Notes
Turn   | Place    | Note
-------+----------+-------------------------------------------
     0 | D:1      | Silvore the Demonspawn Monk began the quest for the Orb.
     0 | D:1      | Reached XP level 1. HP: 18/18 MP: 1/1
  1084 | D:1      | Gained mutation: You are partially covered in large bone
                  | plates. (SH +4) [demonic ancestry]
  1084 | D:1      | Reached XP level 2. HP: 16/24 MP: 2/2
  1944 | D:2      | Reached XP level 3. HP: 29/29 MP: 3/3
  2358 | D:2      | Found a basalt altar of Yredelemnul.
  2515 | D:3      | Found a sparkling altar of Nemelex Xobeh.
  2819 | D:3      | Reached XP level 4. HP: 35/35 MP: 4/4
  2972 | D:3      | Found Cigiudgh's Armour Shoppe.
  3096 | D:4      | Noticed a phantom
  3117 | D:4      | Killed a phantom
  3118 | D:4      | Gained mutation: You have a small tail. [demonic ancestry]
  3118 | D:4      | Reached XP level 5. HP: 28/41 MP: 5/5
  3487 | D:4      | Reached skill level 1 in Armour
  3487 | D:4      | Reached skill level 1 in Shields
  3905 | D:4      | Found a snail-covered altar of Cheibriados.
  4137 | D:4      | Noticed a phantom
  4152 | D:4      | Killed a phantom
  4153 | D:4      | Gained mutation: You regenerate a little health from kills.
                  | [demonic ancestry]
  4153 | D:4      | Reached XP level 6. HP: 31/48 MP: 6/6
  4420 | D:5      | Entered Level 5 of the Dungeon
  4603 | D:5      | Noticed Edmund
  4619 | D:4      | Gained mutation: You have a tail ending in a sharp stinger.
                  | [demonic ancestry]
  4619 | D:4      | Reached XP level 7. HP: 15/53 MP: 7/7
  4879 | D:5      | Gained mutation: You passively map a small area around you.
                  | [potion of mutation]
  4879 | D:5      | Gained mutation: You are weak. (Str -2) [potion of
                  | mutation]
  4890 | D:5      | Slain by a hound

Illustrated notes

Levels and vault maps discovered:
D:1:      grunt_arrival_crossed_arrows, layout_basic, due_unseen_surprise
D:2:      layout_basic, basic_altar, serial_curves, eino_curves_04,
          eino_curves_03
D:3:      layout_basic, old_standard_altar, nemelex_altar_shiori, serial_shops,
          nicolae_square_shop, minmay_diced_spiral
D:4:      layout_loops_corners, kennysheep_slug_shrine
D:5:      layout_cave_pools, amethyst_overflow_temple_binary, serial_gnoll_camp,
          gnoll_camp_huts_moat, gnoll_camp_mini_shop, gnoll_camp_mini_house,
          gnoll_camp_mini_loothouse, gnoll_camp_mini_hut,
          gnoll_camp_mini_sergeant, uniq_edmund

Skill      XL: |  1  2  3  4  5  6 |
---------------+-------------------+-----
Axes           | 3 4 |  4.9
Stealth        | 2 |  2.8
Dodging        | 3 4 |  4.0
Armour         | 1 2 |  2.8
Shields        | 1 |  1.5
Fighting       | |  3.9

Action                   |  1- 3 |  4- 6 |  7- 9 || total
-------------------------+-------+-------+-------++-------
Melee: Hand axe          |   142 |   130 |    19 ||   291
       Punch             |     1 |     2 |     1 ||     4
       Tailslap          |       |    14 |     3 ||    17
  Use: Scroll            |     3 |     4 |     1 ||     8
       Potion            |       |     6 |     5 ||    11
 Stab: Sleeping          |     6 |     1 |       ||     7
Armor: Robe              |    22 |       |       ||    22
       Ring mail         |    42 |    64 |    13 ||   119
Dodge: Dodged            |   140 |    88 |    17 ||   245
Block: Other             |    32 |    24 |    15 ||    71
